 Dungeon Crawl Stone Soup version 0.23-a0-690-g0a1fc62c7c (webtiles) character file.

3353 Holzbalken the Basher (level 9, -1/65 HPs)
             Began as a Demonspawn Gladiator on Jan 11, 2019.
             Was a Follower of Qazlal.
             Slain by Erica
             ... wielding a +3 scimitar of flaming
              (4 damage)
             ... on level 7 of the Dungeon.
             The game lasted 00:30:36 (8706 turns).

Holzbalken the Basher (Demonspawn Gladiator)        Turns: 8706, Time: 00:30:37

Health: -1/65      AC: 14    Str: 18    XL:     9   Next: 72%
Magic:  9/9        EV:  6    Int: 10    God:    Qazlal [*.....]
Gold:   522        SH:  1    Dex: 14    Spells: 8/8 levels left

rFire    + . .     SeeInvis .   F - +7 great mace "Undeadhunter" {disrupt, rN+}
rCold    . . .     Gourm    .   (shield currently unavailable)
rNeg     + + .     Faith    .   H - +0 plate armour
rPois    .         Spirit   .   c - +1 helmet
rElec    .         Reflect  .   (no cloak)
rCorr    .         Harm     .   k - +0 pair of gloves
MR       +....                  (no boots)
Stlth    ..........             (no amulet)
HPRegen  0.20/turn              A - ring of protection from magic
MPRegen  0.11/turn              x - ring of positive energy

@: studying Axes
A: hooves 2, demonic guardian 1, fire resistance 1, flame cloud immunity
a: Renounce Religion


You were on level 7 of the Dungeon.
You worshipped Qazlal.
Qazlal was aware of your devotion.
You were not hungry.

You visited 2 branches of the dungeon, and saw 9 of its levels.
You also visited: Sewer.

You collected 522 gold pieces.

Inventory:

Hand Weapons
 a - a +1 flail
 D - the +7 dire flail of the Establishment {vamp, *Slow Int+6 Dex+3 SInv, unknown}
   (You acquired it on level 6 of the Dungeon)

   It inflicts no extra harm, but heals its wielder when it wounds a living foe.
   It affects your intelligence (+6).
   It affects your dexterity (+3).
   It lets you see invisible.
   It may slow you when you take damage.
 F - the +7 great mace "Undeadhunter" (weapon) {disrupt, rN+}
   (You found it on level 7 of the Dungeon)

   It protects you from negative energy.
Missiles
 d - 3 throwing nets (quivered)
Armour
 b - a +0 leather armour
 c - a +1 helmet (worn)
 h - a +0 ring mail
 i - a +0 chain mail
 k - a +0 pair of gloves (worn)
 H - a +0 plate armour (worn)
Magical Staves
 l - an uncursed staff of poison {unknown}
Jewellery
 x - a ring of positive energy (right hand)
 A - a ring of protection from magic (left hand)
Wands
 G - a wand of clouds (6)
Scrolls
 g - 8 scrolls of teleportation {unknown}
 m - a scroll of amnesia {unknown}
 p - 2 scrolls of enchant weapon
 u - 2 scrolls of magic mapping
 v - 2 scrolls of remove curse
 w - 2 scrolls of random uselessness
 y - a scroll of enchant armour
 z - 2 scrolls of blinking
 C - 8 scrolls of identify
Potions
 e - 2 potions of brilliance
 j - a potion of agility
 n - 3 potions of curing
 o - a potion of resistance {unknown}
 q - a potion of invisibility {unknown}
 r - 3 potions of heal wounds {unknown}
 s - 3 potions of cancellation
 B - a potion of ambrosia {unknown}
 E - a potion of magic {unknown}
Books
 t - a manual of Axes
Comestibles
 f - 9 rations
 I - 7 chunks of flesh


   Skills:
 + Level 4.1 Fighting
 - Level 11.8 Maces & Flails
 - Level 1.7 Throwing
 + Level 3.1 Armour
 - Level 2.6 Dodging


You had 8 spell levels left.
You didn't know any spells.
Your spell library was empty.

Dungeon Overview and Level Annotations

Branches:
Dungeon (8/15)             Temple (1/1) D:6
   Lair: D:8-11

Altars:
Ashenzari
Cheibriados
Dithmenos
Elyvilon
Fedhas
Hepliaklqana
Kikubaaqudgha
Makhleb
Okawaru
Qazlal
Ru
Sif Muna
Trog
Uskayaw
Vehumet
Wu Jian
Xom
Zin
The Shining One

Shops:
D:5 }

Annotations:
D:7 Erica


Innate Abilities, Weirdness & Mutations

You have hoof-like feet.
A weak demonic guardian rushes to your aid.
Your flesh is heat resistant. (rF+)
You are immune to clouds of flame.


Message History

The howler monkey hits your iron imp but does no damage.
You climb upwards.
Reactivating autopickup.
There is a stone staircase leading down here.
Deactivating autopickup; reactivate with Ctrl-A.
You miss something. You kick something. Something hits you.
Your plate armour prevents you from hitting something.
Your kick misses something. Something hits you but does no damage.
You barely miss something. You kick something. Something hits you.
You bludgeon something!! You kick something! You miss something.
You hear some strange, mumbled words.
An orb of energy appears from out of thin air!
The orb of energy hits you!
* * * LOW HITPOINT WARNING * * *
The orb of energy explodes!
Something hits you but does no damage.
You thump something! You kick something.
Your plate armour prevents you from hitting something.
Your kick misses something. Something hits you.
You die...

######## .......#
#########
.#####.#######.......#
............##.#####.#
.#####.####[)..{@.##.#
.#####.# ####.##○##.#
.......# ###.......#
######## #.......###
#### #.####..#
...#########^####..#
##.#.......#.##....#
##.#.......#.##.##.#
##.#.......#.##.##.#


There were no monsters in sight!

Vanquished Creatures
  Pikel (D:4)
  A hippogriff (D:7)
  An ice beast (D:7)
  2 sky beasts
  2 ogres
  An orc warrior (D:8)
  2 centaurs
  A crocodile (D:7)
  A bullfrog (D:3)
  6 big kobolds (Sewer)
  2 scorpions
  4 wights
  A killer bee (D:7)
  A howler monkey (D:5)
  3 crimson imps
  2 centaur zombies (D:5)
  A quasit (D:6)
  4 orc wizards
  An orc priest (D:3)
  6 hounds
  3 jellies
  Jessica (D:3)
  3 iguanas
  5 worker ants
  A worker ant zombie (D:8)
  3 adders
  3 gnolls
  A howler monkey skeleton (D:7)
  2 river rats (Sewer)
  8 oozes
  An adder skeleton (D:4)
  5 worms
  A dart slug (D:1)
  6 leopard geckos
  21 orcs
  4 bats
  10 giant cockroaches
  4 goblins
  10 hobgoblins
  3 jackals (D:5)
  3 quokkas
  5 ball pythons
  5 frilled lizards
  21 kobolds
  A leopard gecko skeleton (D:7)
  A quokka zombie (D:5)
  7 rats
181 creatures vanquished.

Vanquished Creatures (collateral kills)
  Prince Ribbit (D:8)
  An orc warrior (D:7)
  A bullfrog zombie (D:5)
  An orc wizard (D:8)
  A shadow imp (D:5)
  2 oozes (Sewer)
  A frilled lizard (D:4)
  A jackal zombie (D:5)
9 creatures vanquished.

Vanquished Creatures (others)
  A centaur skeleton (D:4)
1 creature vanquished.

Grand Total: 191 creatures vanquished

Notes
Turn   | Place    | Note
-------+----------+-------------------------------------------
     0 | D:1      | Holzbalken the Demonspawn Gladiator began the quest for the
                  | Orb.
     0 | D:1      | Reached XP level 1. HP: 16/16 MP: 1/1
    18 | D:1      | Reached skill level 3 in Maces & Flails
   127 | D:1      | Gained mutation: Your flesh is heat resistant. (rF+)
                  | [demonic ancestry]
   127 | D:1      | Reached XP level 2. HP: 21/22 MP: 2/2
   378 | D:1      | Gained mutation: You have large cloven feet. [demonic
                  | ancestry]
   378 | D:1      | Reached XP level 3. HP: 21/27 MP: 3/3
   663 | D:1      | Reached skill level 4 in Maces & Flails
   765 | D:1      | Found a glowing golden altar of the Shining One.
  1049 | D:2      | Found a bloodstained altar of Trog.
  1798 | D:3      | Reached XP level 4. HP: 26/33 MP: 4/4
  2245 | D:3      | Reached skill level 5 in Maces & Flails
  2373 | D:3      | Found a shadowy altar of Dithmenos.
  2380 | D:3      | Noticed a bullfrog
  2396 | D:3      | Killed a bullfrog
  2396 | D:3      | Reached XP level 5. HP: 15/38 MP: 5/5
  2637 | D:3      | Noticed Jessica
  2646 | D:3      | Killed Jessica
  2706 | D:3      | Reached skill level 6 in Maces & Flails
  3007 | D:4      | Gained mutation: A weak demonic guardian rushes to your
                  | aid. [demonic ancestry]
  3007 | D:4      | Reached XP level 6. HP: 30/44 MP: 6/6
  3182 | D:4      | Noticed a slave
  3182 | D:4      | Noticed a slave
  3183 | D:4      | Noticed Pikel
  3183 | D:4      | Noticed a slave
  3183 | D:4      | Noticed a slave
  3222 | D:4      | Killed Pikel
  3222 | D:4      | Reached skill level 8 in Maces & Flails
  3222 | D:4      | Gained mutation: You are immune to clouds of flame.
                  | [demonic ancestry]
  3222 | D:4      | Reached XP level 7. HP: 27/50 MP: 7/7
  4028 | D:5      | Entered Level 5 of the Dungeon
  4075 | D:5      | Reached skill level 9 in Maces & Flails
  4075 | D:5      | Gained mutation: You have hoof-like feet. [demonic
                  | ancestry]
  4075 | D:5      | Reached XP level 8. HP: 38/56 MP: 8/8
  4149 | D:5      | Found Derih's Gadget Shoppe.
  4729 | D:5      | Found a hide-covered altar of Uskayaw.
  4979 | D:6      | Found a glowing drain.
  5000 | Sewer    | Entered a sewer
  5096 | Sewer    | Reached skill level 10 in Maces & Flails
  5738 | D:6      | Found a shattered altar of Ashenzari.
  5913 | D:6      | Identified a scroll of acquirement
  5914 | D:6      | Got an iridescent dire flail
  6162 | D:6      | Found a staircase to the Ecumenical Temple.
  6171 | Temple   | Entered the Ecumenical Temple
  6357 | Temple   | Became a worshipper of Qazlal Stormbringer
  6689 | D:7      | Reached skill level 11 in Maces & Flails
  6689 | D:7      | Reached XP level 9. HP: 28/61 MP: 9/9
  7130 | D:7      | Found a snail-covered altar of Cheibriados.
  7539 | D:7      | Found the +7 great mace "Undeadhunter" {disrupt, rN+}
  8190 | D:7      | Reached skill level 1 in Armour
  8449 | D:8      | Noticed Prince Ribbit
  8531 | D:8      | Reached * piety under Qazlal
  8569 | D:8      | Killed Prince Ribbit
  8688 | D:8      | Found a burning altar of Makhleb.
  8688 | D:8      | Noticed Erica
  8704 | D:7      | HP: 3/65 [something/orb of energy (19)]
  8706 | D:7      | Slain by Erica

Vault maps used:
D:1:      psy_arrival_whirlpool, tso_altar
D:2:      trog_hazing_becter
D:3:      nicolae_overflow_crystal_walls, uniq_jessica
D:4:      minmay_angry_zag, wad_floor_pattern_untrapped, chequers_mini_garden,
          minmay_pentangle, uniq_pikel
D:5:      lemuel_coloured_pillars_altar, serial_shops, shop_coins, first_ration,
          grunt_tough_drop
D:6:      kennysheep_little_box, temple_green, gup_sewer_entry_pipe, minivault_5
D:7:      overflow_temple_1_default, minmay_manual_monstrance
D:8:      minmay_chambers_of_sixes, bloody_makhleb,
          nicolae_gozag_zags_fifth_avenue, uniq_erica, uniq_prince_ribbit1
Temple:   eino_narrow_crystal_temple
Sewer:    sewer_co_tree

Skill      XL: |  1  2  3  4  5  6  7  8  9 |
---------------+----------------------------+-----
Maces & Flails | 3 4 5 6 8 9 11 | 11.8
Armour         | 3 |  3.1
Fighting       | 4 |  4.1
Throwing       | |  1.7
Dodging        | |  2.6

Action                   |  1- 3 |  4- 6 |  7- 9 || total
-------------------------+-------+-------+-------++-------
Melee: Flail             |   123 |   103 |   392 ||   618
       Kick              |    16 |    30 |   144 ||   190
       Great mace        |       |       |    57 ||    57
  Use: Scroll            |       |       |    14 ||    14
 Stab: Sleeping          |     1 |       |       ||     1
       Distracted        |       |       |     6 ||     6
  Eat: Chunk             |     3 |     4 |    15 ||    22
       Ration            |       |       |     1 ||     1
Armor: Leather armour    |    10 |       |       ||    10
       Chain mail        |    57 |    68 |   204 ||   329
       Ring mail         |     5 |       |       ||     5
       Plate armour      |       |       |    43 ||    43
Dodge: Dodged            |    73 |    41 |   135 ||   249
Block: Other             |       |       |     2 ||     2

Table legend:
 A = Non-vault XP
 B = Vault XP
 C = Vault XP percentage of total XP
 D = Non-vault monster count
 E = Vault monster count
 F = Vault count percentage of total count
                 A         B        C        D         E       F
            +---------+---------+-------+---------+---------+-------
      Total |    2766 |    2024 |  42.3 |     127 |      63 |  33.2
            +---------+---------+-------+---------+---------+-------
        D:1 |      52 |       0 |   0.0 |      22 |       0 |   0.0
        D:2 |      42 |      10 |  19.2 |      17 |       6 |  26.1
        D:3 |     230 |      37 |  13.9 |      18 |       1 |   5.3
        D:4 |     175 |     756 |  81.2 |      12 |       9 |  42.9
        D:5 |     503 |      97 |  16.2 |      20 |       4 |  16.7
        D:6 |     186 |      24 |  11.4 |       5 |      10 |  66.7
        D:7 |     999 |     286 |  22.3 |      14 |       4 |  22.2
        D:8 |     579 |     239 |  29.2 |      19 |       1 |   5.0
      Sewer |       0 |     575 | 100.0 |       0 |      28 | 100.0
            +---------+---------+-------+---------+---------+-------
